 Dungeon Crawl Stone Soup version 0.28-a0-1404-g4df0f3684d (webtiles) character file.

Game seed: 6787904079553572002

1147 HallandMoats the Covered (level 8, -2/67 HPs)
             Began as a Ghoul Fighter on Jan 6, 2022.
             Was a Priest of Dithmenos.
             Slain by a sky beast (6 damage)
             ... on level 6 of the Dungeon.
             The game lasted 00:07:15 (5225 turns).

HallandMoats the Covered (Ghoul Fighter)            Turns: 5225, Time: 00:07:15

Health: -2/67      AC: 15    Str: 20    XL:     8   Next: 38%
Magic:  9/9        EV:  8    Int:  3    God:    Dithmenos [***...]
Gold:   356        SH:  4    Dex: 10    Spells: 7/7 levels left

rFire   + . .      SeeInvis .   a - +0 war axe
rCold   + . .      Faith    .   c - +0 buckler
rNeg    + + +      Spirit   .   q - +2 chain mail {rF+}
rPois   ∞          Reflect  .   (no helmet)
rElec   .          Harm     .   (no cloak)
rCorr   +          Rampage  .   b - +1 pair of gloves
Will    .....                   z - +0 pair of boots
Stlth   ..........              (no amulet)
HPRegen 0.00/turn               v - ring of resist corrosion
MPRegen 0.11/turn               (no ring)

@: inhibited regen, wreathed by umbra
A: claws 1, cold resistance 1, negative energy resistance 3, inhibited
regeneration, torment resistance 2
a: Renounce Religion, Shadow Step


You were on level 6 of the Dungeon.
You worshipped Dithmenos.
Dithmenos was most pleased with you.
You visited 2 branches of the dungeon, and saw 7 of its levels.

You collected 356 gold pieces.

Inventory:

Hand Weapons
 a - a +0 war axe (weapon)
Armour
 b - a +1 pair of gloves (worn)
 c - a +0 buckler (worn)
 q - a +2 chain mail of fire resistance (worn)
 x - a +2 ring mail of poison resistance
 z - a +0 pair of boots (worn)
 B - a +3 leather armour of cold resistance
Jewellery
 v - a ring of resist corrosion (left hand)
 A - a +4 ring of protection
Wands
 r - a wand of flame (26)
Scrolls
 f - a scroll of amnesia
 i - a scroll of fear {unknown}
 j - 2 scrolls of immolation {unknown}
 k - 5 scrolls of identify
 l - 2 scrolls of blinking {unknown}
 o - a scroll of teleportation
 p - 2 scrolls of enchant armour {unknown}
 s - 2 scrolls of enchant weapon {unknown}
 u - a scroll of holy word {unknown}
 w - a scroll of magic mapping {unknown}
 y - a scroll of torment {unknown}
Potions
 d - 3 potions of might
 e - 2 potions of brilliance {unknown}
 g - a potion of attraction {unknown}
 h - a potion of curing {unknown}
 m - a potion of heal wounds
 n - 2 potions of invisibility {unknown}
 t - a potion of haste {unknown}


   Skills:
 + Level 4.6 Fighting
 * Level 4.3 Axes
 * Level 4.8 Armour
 * Level 3.7 Dodging
 * Level 4.6 Shields
 + Level 2.8 Invocations


You had 7 spell levels left.
You didn't know any spells.
Your spell library contained the following spells:

 Spells                   Type           Power      Damage    Failure   Level
 Conjure Flame            Conj/Fire      0%         6-21      100%        3
 Ignite Poison            Fire/Tmut/Pois 0%         N/A       100%        3
 Sticky Flame             Conj/Fire      0%         2d3       100%        4


Dungeon Overview and Level Annotations

Branches:
Dungeon (6/15)             Temple (1/1) D:6

Altars:
Ashenzari
Cheibriados
Dithmenos
Elyvilon
Fedhas
Gozag
Hepliaklqana
Kikubaaqudgha
Makhleb
Nemelex Xobeh
Okawaru
Qazlal
Ru
Sif Muna
Trog
Uskayaw
Vehumet
Wu Jian
Xom
Yredelemnul
The Shining One

Shops:
D:1 [   D:5 [

Annotations:
D:6 Prince Ribbit


Innate Abilities, Weirdness & Mutations

You thrive by killing the living.
You are immune to poison.
You have sharp fingernails.
Your flesh is cold resistant. (rC+)
You are immune to negative energy. (rN+++)
You do not regenerate when monsters are visible.
You are immune to unholy pain and torment.


Message History

The sky beast hits you. The sky beast shocks you.
You closely miss the sky beast.
The sky beast is moderately wounded.
The sky beast barely misses you. The sky beast hits you.
The sky beast shocks you.
You completely miss the sky beast.
The sky beast is moderately wounded.
You block the sky beast's attack.
You closely miss the sky beast.
The sky beast is moderately wounded.
The sky beast hits you but does no damage.
You completely miss the sky beast.
The sky beast is moderately wounded.
The sky beast hits you but does no damage.
The sky beast hits you. The sky beast shocks you.
* * * LOW HITPOINT WARNING * * *
You closely miss the sky beast.
The sky beast is moderately wounded.
The sky beast hits you but does no damage.
You hit the sky beast.
The sky beast is moderately wounded.
You block the sky beast's attack.
You closely miss the sky beast.
The sky beast is moderately wounded.
The sky beast hits you but does no damage. x2
You barely miss the sky beast.
The sky beast is moderately wounded.
The sky beast hits you.
* * * LOW HITPOINT WARNING * * *
The sky beast shocks you.
* * * LOW HITPOINT WARNING * * *
You hit the sky beast but do no damage.
The sky beast is moderately wounded.
You block the sky beast's attack.
The sky beast flickers out of sight!
Deactivating autopickup; reactivate with Ctrl-A.
Something hits you but does no damage.
You miss something. Something hits you.
* * * LOW HITPOINT WARNING * * *
Something shocks you.
You die...

.........># #....#
....S
..........#####......##
..... ..............)#
#...## ......(
.....####....###
##...#.g....... ....##
##..## #.........#...g
....## #..#
##))#....#####..
.....## ##.#
##g####...# ##g ......#
#.# ##{## #..... ..
......# ##.# ##@##
..... #.....#
##..###.## ####
#########...##..#
##.......###..##
#.....#### #...## #####
#...### ##...###...##
#...# ##..........#
#...## ##...........#
##...##
###....8.8.8.###


You could see a gnoll.

Vanquished Creatures
  Eustachio (D:5)
  A black bear (D:5)
  An ice beast (D:6)
  2 sky beasts (D:5)
  3 necrophages
  An orc priest (D:3)
  A bullfrog skeleton (D:6)
  A centaur skeleton (D:6)
  An iguana (D:4)
  Terence (D:3)
  3 orc wizards (D:6)
  3 adders
  3 gnolls (D:6)
  A shadow imp (D:6)
  An adder zombie (D:5)
  An adder skeleton (D:4)
  2 dart slugs
  13 orcs
  10 ball pythons
  5 endoplasms
  3 giant cockroaches
  6 goblins
  12 hobgoblins
  5 jackals (D:2)
  9 kobolds
  2 quokkas
  8 bats
  2 frilled lizards
  3 rats
105 creatures vanquished.

Notes
Turn   | Place    | Note
-------+----------+-------------------------------------------
     0 | D:1      | HallandMoats the Ghoul Fighter began the quest for the Orb.
     0 | D:1      | Reached XP level 1. HP: 19/19 MP: 0/0
   116 | D:1      | Reached XP level 2. HP: 26/26 MP: 1/1
   413 | D:1      | Reached XP level 3. HP: 27/31 MP: 2/2
   559 | D:1      | Reached skill level 1 in Dodging
   789 | D:1      | Found Ubbu's Armour Shop.
  1230 | D:2      | Found a faded altar of an unknown god.
  1262 | D:2      | Prayed at the altar of an unknown god.
  1262 | D:2      | Became a worshipper of Dithmenos the Shadowed
  1262 | D:2      | Reached * piety under Dithmenos
  1414 | D:2      | Reached XP level 4. HP: 36/38 MP: 3/3
  1867 | D:3      | Reached skill level 1 in Invocations
  1923 | D:3      | Noticed Terence
  1934 | D:3      | Killed Terence
  2124 | D:3      | Noticed a necrophage
  2142 | D:3      | Killed a necrophage
  2143 | D:3      | Reached XP level 5. HP: 40/46 MP: 3/5
  2152 | D:3      | Reached ** piety under Dithmenos
  2412 | D:3      | Reached XP level 6. HP: 39/52 MP: 6/6
  2963 | D:5      | Entered Level 5 of the Dungeon
  3046 | D:5      | Noticed a black bear
  3055 | D:5      | Killed a black bear
  3181 | D:5      | Noticed a sky beast
  3209 | D:5      | Killed a sky beast
  3210 | D:5      | Reached XP level 7. HP: 18/59 MP: 7/7
  3978 | D:5      | Found Heutosm's Antique Armour Boutique.
  4294 | D:5      | Noticed Eustachio
  4336 | D:5      | Killed Eustachio
  4464 | D:6      | Noticed Prince Ribbit
  4472 | D:6      | Found a staircase to the Ecumenical Temple.
  4475 | Temple   | Entered the Ecumenical Temple
  4892 | D:6      | Reached XP level 8. HP: 67/67 MP: 8/8
  5180 | D:6      | Reached *** piety under Dithmenos
  5225 | D:6      | Slain by a sky beast

Illustrated notes

Levels and vault maps discovered:
D:1:      erik_arrival_cave_to_civilisation [erik_arrival_cave_to_hall],
          layout_basic, serial_shops, nicolae_lakefront_shop,
          minmay_tiny_reverse_x
D:2:      layout_loops_ring, chequers_ecumenical_altar_simple_redux
D:3:      layout_rooms, minmay_randomly_rotated_circles, uniq_terence
D:4:      layout_rooms
D:5:      layout_basic, serial_shops, shop, hellmonk_bongcloud_opening,
          uniq_eustachio
D:6:      layout_layer_cave, minmay_temple_entry_drinking_statues,
          nrook_campfire, guppyfry_shop_venom, uniq_prince_ribbit1
Temple:   grunt_wide_crystal_templ

Skill      XL: |  1  2  3  4  5  6  7 |
---------------+----------------------+-----
Axes           | 2 3 4 |  4.3
Dodging        | 1 2 3 |  3.7
Armour         | 3 4 |  4.8
Shields        | 3 4 |  4.6
Invocations    | 1 2 |  2.8
Fighting       | 4 |  4.6

Action                   |  1- 3 |  4- 6 |  7- 9 || total
-------------------------+-------+-------+-------++-------
Melee: War axe           |   111 |   138 |   154 ||   403
  Use: Potion            |       |     1 |     2 ||     3
       Scroll            |       |       |     3 ||     3
Armor: Scale mail        |    75 |     2 |       ||    77
       Chain mail        |       |    77 |   158 ||   235
Dodge: Dodged            |    88 |    66 |    86 ||   240
Block: Buckler           |    36 |    45 |    41 ||   122

Table legend: (Time is in decaauts)
 A = Elapsed time spent in this place.
 B = Non-inter-level travel time spent in this place.
 C = Inter-level travel time spent in this place.
 D = Time resting spent in this place.
 E = Time spent auto-exploring this place.
 F = Levels seen in this place.
 G = Mean time per level.
                   A        B        C        D        E       F      G
               +--------+--------+--------+--------+--------+-----+--------+
         Total |   5380 |   5220 |    160 |    474 |   3682 |   7 |  768.6 |
       Dungeon |   5181 |   5021 |    160 |    346 |   3645 |   6 |  863.5 |
        Temple |    198 |    198 |      0 |    128 |     37 |   1 |  198.0 |
               +--------+--------+--------+--------+--------+-----+--------+

Top non-repeatable levels by time:
     D:5: 1531 daAuts
     D:1: 1054 daAuts
     D:3: 778 daAuts
     D:2: 734 daAuts
     D:6: 596 daAuts
     D:4: 486 daAuts
  Temple: 198 daAuts
